 Dungeon Crawl Stone Soup version 0.27.0-1-g7a089689b8 (webtiles) character file.

Game seed: 13560437829886214017

12614 Tutankhamun the Slicer (level 12, -4/76 HPs)
             Began as a Kobold Brigand on Aug 15, 2021.
             Was a Priest of Dithmenos.
             Slain by an ice dragon (9 damage)
             ... on level 11 of the Dungeon.
             The game lasted 00:20:21 (14432 turns).

Tutankhamun the Slicer (Kobold Brigand)            Turns: 14432, Time: 00:20:22

Health: -4/76      AC:  8    Str:  8    XL:     12   Next: 22%
Magic:  15/15      EV: 24    Int: 13    God:    Dithmenos [***...]
Gold:   635        SH:  0    Dex: 21    Spells: 8/11 levels left

rFire    . . .     SeeInvis +   a - +1 short sword (elec)
rCold    x . .     Faith    .   (shield restricted)
rNeg     . . .     Spirit   .   u - +2 robe {Will+}
rPois    .         Reflect  .   j - +1 helmet
rElec    .         Harm     +   C - scarf {+Inv}
rCorr    +         Rampage  .   G - +0 pair of gloves
Will     ++...                  n - +0 pair of boots
Stlth    +++++++...             I - amulet "Ocri" {Harm rC- Regen+ rCorr SInv}
HPRegen  1.22/turn              k - ring of resist corrosion
MPRegen  0.14/turn              v - ring of willpower

@: wreathed by umbra
A: small, no large weapons, nightstalker 3
a: Renounce Religion, Evoke Invisibility, Shadow Step


You were on level 11 of the Dungeon.
You worshipped Dithmenos.
Dithmenos was most pleased with you.
You visited 2 branches of the dungeon, and saw 12 of its levels.

You collected 635 gold pieces.

Inventory:

Hand Weapons
 a - a +1 short sword of electrocution (weapon)
 b - a +0 vorpal hand crossbow
 o - a +2 dagger of electrocution
 q - a +2 dagger of draining
 J - a +4 dagger
 K - a +2 dagger of pain
Missiles
 d - 59 poisoned darts (quivered)
 e - 2 curare-tipped darts
 h - 108 bolts
Armour
 j - a +1 helmet (worn)
 n - a +0 pair of boots (worn)
 u - a +2 robe of willpower (worn)
 C - a scarf of invisibility (worn)
 G - a +0 pair of gloves (worn)
 M - a +0 troll leather armour
Jewellery
 k - a ring of resist corrosion (left hand)
 v - a ring of willpower (right hand)
 I - the amulet "Ocri" (around neck) {Harm rC- Regen+ rCorr SInv}
   (You found it on level 9 of the Dungeon)

   [amulet of regeneration]

   rC:        It makes you vulnerable to cold.
   SInv:      It lets you see invisible.
   Regen:     It increases your rate of health regeneration.
   rCorr:     It protects you from acid and corrosion.
   Harm:      It increases damage dealt and taken.
Wands
 g - a wand of iceblast (19)
 l - a wand of charming (14)
 A - a wand of flame (20)
 D - a wand of polymorph (9)
Scrolls
 c - 2 scrolls of immolation
 r - a scroll of amnesia
 s - 2 scrolls of fog
 x - a scroll of holy word
 E - 2 scrolls of magic mapping
 F - 2 scrolls of teleportation
 H - a scroll of enchant weapon
 L - a scroll of torment {unknown}
Potions
 i - 2 potions of flight
 m - a potion of haste
 p - a potion of cancellation {unknown}
 t - a potion of brilliance {unknown}
 w - a potion of magic {unknown}
 z - a potion of degeneration {unknown}
 B - a potion of lignification


   Skills:
 + Level 9.0 Fighting
 - Level 12.0 Short Blades
 - Level 2.1 Throwing
 + Level 12.0 Dodging
 - Level 7.0 Stealth
 - Level 5.0 Invocations
 - Level 10.0 Evocations


You had 8 spell levels left.
You knew the following spells:

 Your Spells              Type           Power      Damage    Failure   Level
a - Confusing Touch       Hex            0%         N/A       67%         3

Your spell library contained the following spells:

 Spells                   Type           Power      Damage    Failure   Level
 Beastly Appendage        Tmut           0%         N/A       30%         1
 Slow                     Hex            0%         N/A       43%         2
 Wereblood                Tmut           0%         N/A       43%         2
 Gell's Gravitas          Tloc           0%         N/A       67%         3
 Lesser Beckoning         Tloc           0%         N/A       67%         3
 Spider Form              Tmut/Pois      0%         N/A       67%         3
 Stone Arrow              Conj/Erth      0%         3d7       67%         3
 Teleport Other           Tloc           0%         N/A       67%         3
 Bolt of Magma            Conj/Fire/Erth 0%         4d4       100%        5
 Yara's Violent Unravell  Hex/Tmut       0%         3d3       100%        5
 Shatter                  Erth           0%         3d5*      100%        9


Dungeon Overview and Level Annotations

Branches:
Dungeon (11/15)            Temple (1/1) D:6             Orc (0/2) D:11
   Lair: D:8-11

Altars:
Ashenzari
Cheibriados
Dithmenos
Elyvilon
Fedhas
Gozag
Hepliaklqana
Kikubaaqudgha
Makhleb
Nemelex Xobeh
Okawaru
Qazlal
Ru
Sif Muna
Trog
Uskayaw
Vehumet
Wu Jian
Xom
Yredelemnul
Zin
The Shining One

Shops:
D:2 (   D:9 *:([

Annotations:
D:3 Grinder


Innate Abilities, Weirdness & Mutations

You are small and have problems with some larger weapons.
You are completely attuned to the shadows.


Message History

You open the door.
There is an open door here.
A wizard comes into view. It is wielding a +0 dagger.
A wizard is nearby!
An ugly thing and an orc knight come into view.
The orc knight is wielding a +1 long sword of draining.
Found 24 stones, a helmet and 21 gold pieces.
An ice dragon and a slime creature come into view.
Found 47 gold pieces, a scroll labelled WETOORANTY and a ring mail.
The helpless wizard fails to defend itself.
You perforate the wizard like a sieve!!!
Lightning courses through the wizard!!
You kill the wizard!
Dithmenos accepts your kill.
A cyclops comes into view.
The helpless red ugly thing fails to defend itself.
You skewer the red ugly thing like a kebab!!!
You kill the red ugly thing!
Dithmenos accepts your kill.
The slime creature quivers.
Your Fighting skill increases to level 9!
Your Dodging skill increases to level 12!
The helpless ice dragon fails to defend itself.
You spit the ice dragon like a pig!!!
The ice dragon is almost dead.
The ice dragon breathes frost at you. The blast of cold hits you!!!
You feel a terrible chill!
Ouch! That really hurt!
* * * LOW HITPOINT WARNING * * *
You emit a cloud of dark smoke.
The cyclops shouts!
The orc knight shouts!
You hear a shout!
You hit the ice dragon but do no damage.
The ice dragon is almost dead.
Unknown command.
You completely miss the ice dragon.
The ice dragon is almost dead.
The ice dragon misses you. The ice dragon claws you!
* * * LOW HITPOINT WARNING * * *
The ice dragon tramples you!
You die...

#.#.###...## ##..)#........#
#.#...#.8.# #.8)).##'####
#####.#...#...# #...#..#.#
.....)....##'## ###'##.#.######
.####.#.####..#######.##.#.##....
.##.................}....#.##....
....###..#.###############<##)...
###.# ##.#.#.C.D$§#J[.. #..'....
#.# #.#.##.§§@§([o.. ####.... #.#
#.#.###§§§.).... #.... #.# #.#.#
##§§.....# #.... #.####'#.#
##.....## ##... #.##.....#
##...## #... #.##.....# ##.##
#... #.##.....# ####'#### #...
###.##...).# #.......# #...
....##.....# #.⌠...⌠.# #...


You could see an ice dragon (catching breath), an orc knight, a slime creature
and a cyclops.

Vanquished Creatures
  A centaur warrior (D:10)
  4 two-headed ogres
  A wizard (D:11)
  A cyclops (D:10)
  An ugly thing (D:11)
  A manticore (D:11)
  An unseen horror (D:11)
  2 trolls (D:11)
  A tengu conjurer (D:10)
  A hornet (D:9)
  4 shadows (D:11)
  A steam dragon (D:7)
  2 acid dragons
  2 water moccasins
  7 orc warriors
  3 ice beasts
  A black bear (D:7)
  4 ogres
  8 centaurs
  A phantom (D:7)
  A kobold brigand (D:7)
  Blork the orc (D:6)
  3 bullfrogs
  A gnoll sergeant (D:10)
  4 scorpions
  A water moccasin zombie (D:5)
  A wyvern zombie (D:7)
  5 killer bees
  12 wights
  4 centaur zombies
  2 howler monkeys
  A lava snake (D:9)
  A bullfrog zombie (D:6)
  10 orc priests
  3 jellies
  A centaur skeleton (D:7)
  3 iguanas
  18 orc wizards
  A hound skeleton (D:5)
  A howler monkey zombie (D:10)
  Robin (D:4)
  4 gnolls
  A howler monkey skeleton (D:5)
  6 adders
  A shadow imp (D:5)
  An ufetubus (D:5)
  3 adder skeletons (D:4)
  2 worms
  4 dart slugs
  60 orcs
  2 ball pythons
  4 bats
  8 endoplasms
  3 giant cockroaches (D:4)
  20 goblins
  10 hobgoblins
  3 jackals (D:5)
  8 kobolds
  2 quokkas
  A frilled lizard (D:3)
  3 rats
268 creatures vanquished.

Vanquished Creatures (others)
  4 toadstools (D:1)
4 creatures vanquished.

Grand Total: 272 creatures vanquished

Notes
Turn   | Place    | Note
-------+----------+-------------------------------------------
     0 | D:1      | Tutankhamun the Kobold Brigand began the quest for the Orb.
     0 | D:1      | Reached XP level 1. HP: 12/12 MP: 1/1
   168 | D:1      | Reached XP level 2. HP: 15/17 MP: 2/2
   481 | D:1      | Found a faded altar of an unknown god.
   885 | D:2      | Found a shimmering altar of Xom.
  1036 | D:2      | Reached XP level 3. HP: 21/21 MP: 3/3
  1436 | D:2      | Found Zishaz's Weapon Emporium.
  1550 | D:2      | Reached XP level 4. HP: 26/26 MP: 4/4
  1987 | D:3      | Reached skill level 5 in Short Blades
  2407 | D:3      | Noticed Grinder
  2419 | D:3      | Paralysed by Grinder for 3 turns
  3470 | D:3      | Paralysed by Grinder for 5 turns
  3599 | D:4      | Reached XP level 5. HP: 25/30 MP: 5/5
  3811 | D:4      | Noticed Robin
  4117 | D:4      | Noticed an orc warrior
  4663 | D:4      | Reached XP level 6. HP: 23/35 MP: 6/6
  5061 | D:4      | Killed Robin
  5296 | D:5      | Entered Level 5 of the Dungeon
  5496 | D:5      | Noticed an ogre
  5508 | D:5      | Killed an ogre
  5509 | D:5      | Reached skill level 5 in Dodging
  5509 | D:5      | Reached XP level 7. HP: 32/40 MP: 7/7
  6104 | D:5      | Reached XP level 8. HP: 23/44 MP: 8/8
  7304 | D:6      | Found a staircase to the Ecumenical Temple.
  7310 | Temple   | Entered the Ecumenical Temple
  7486 | Temple   | Became a worshipper of Dithmenos the Shadowed
  7647 | D:6      | Reached skill level 10 in Short Blades
  7663 | D:6      | Noticed Blork the orc
  7665 | D:6      | Killed Blork the orc
  8008 | D:6      | Reached XP level 9. HP: 46/48 MP: 9/9
  8546 | D:6      | Found a sacrificial altar of Ru.
  8823 | D:7      | Reached * piety under Dithmenos
 10076 | D:7      | Reached skill level 1 in Evocations
 10109 | D:7      | Reached skill level 1 in Invocations
 10493 | D:7      | Reached XP level 10. HP: 56/56 MP: 11/11
 11083 | D:8      | Reached skill level 5 in Evocations
 11379 | D:8      | Reached skill level 5 in Invocations
 11588 | D:9      | Noticed a two-headed ogre
 11603 | D:9      | Killed a two-headed ogre
 11830 | D:9      | Reached ** piety under Dithmenos
 11836 | D:9      | Found Gidiren's Assorted Antiques.
 11852 | D:9      | Found Uliameuc's Book Shoppe.
 11867 | D:9      | Learned a level 3 spell: Confusing Touch
 11898 | D:9      | Noticed a two-headed ogre
 12304 | D:9      | Found Sehur's Antique Armour Shoppe.
 12403 | D:9      | Identified the amulet "Ocri" {Harm rC- Regen+ rCorr SInv}
 12419 | D:9      | Found Jiyko's Antique Weapon Boutique.
 12583 | D:9      | Paralysed by a hornet for 1 turns
 12749 | D:9      | Killed a two-headed ogre
 12750 | D:9      | Reached XP level 11. HP: 62/62 MP: 14/14
 12805 | D:10     | Entered Level 10 of the Dungeon
 12809 | D:10     | Reached skill level 5 in Fighting
 12813 | D:10     | Noticed a two-headed ogre
 12823 | D:10     | Killed a two-headed ogre
 12857 | D:10     | Noticed a two-headed ogre
 12863 | D:10     | Killed a two-headed ogre
 12918 | D:10     | Noticed a cyclops
 12922 | D:10     | Killed a cyclops
 12923 | D:10     | Reached skill level 10 in Evocations
 12990 | D:10     | Reached skill level 10 in Dodging
 13366 | D:10     | Noticed a centaur warrior
 13378 | D:10     | Killed a centaur warrior
 14032 | D:11     | Reached *** piety under Dithmenos
 14067 | D:11     | Found a staircase to the Orcish Mines.
 14382 | D:11     | Reached XP level 12. HP: 73/73 MP: 15/15
 14424 | D:11     | Noticed an ice dragon
 14432 | D:11     | Slain by an ice dragon

Illustrated notes

Levels and vault maps discovered:
D:1:      ldierk_walled_garden_2, layout_basic,
          shapermc_ecumenical_altar_mp_highgroup
D:2:      layout_rooms, serial_shops, nicolae_shop_statue_plus, basic_altar
D:3:      layout_loops_corners, serial_rivers, chequers_serial_rivers_room_a,
          chequers_serial_rivers_large_a, chequers_serial_rivers_micro_b,
          chequers_serial_rivers_micro_b, chequers_serial_rivers_room_a,
          serial_bayou_pond_d, uniq_grinder
D:4:      layout_loops_cross, uniq_robin
D:5:      kennysheep_spiral_hall, layout_rooms
D:6:      layout_basic, mainiacjoe_overflow_surrounded_room,
          minmay_temple_entry_butterflies, nrook_mini_vaults, uniq_blork_the_orc
D:7:      layout_basic, minmay_between
D:8:      layout_loops_cross
D:9:      layout_basic, serial_shops, nicolae_shop_window_shopping,
          nicolae_shop_stone, nicolae_take_the_stairs, shop_statue,
          kennysheep_potato
D:10:     kennysheep_blocky_room, layout_long_grid
D:11:     minmay_chambers_of_sevens, layout_basic,
          grunt_lair_entry_orc_guard_hut, hiddenorc2_lemuel,
          minmay_fire_ice_demons
Temple:   nicolae_temple_the_god_donut

Skill      XL: |  1  2  3  4  5  6  7  8  9 10 11 12 |
---------------+-------------------------------------+-----
Short Blades   | 3 4 5 6 7 8 10 12 | 12.0
Dodging        | 2 3 4 5 6 8 9 11 12 | 12.0
Fighting       | 3 4 8 9 |  9.0
Evocations     | 2 8 10 | 10.0
Invocations    | 2 5 |  5.0
Stealth        | 7 |  7.0
Throwing       | |  2.1

Action                   |  1- 3 |  4- 6 |  7- 9 | 10-12 || total
-------------------------+-------+-------+-------+-------++-------
Melee: Dagger            |    81 |   247 |       |       ||   328
       Short sword       |       |    22 |   313 |   291 ||   626
Throw: Dart              |       |     3 |       |       ||     3
  Use: Potion            |       |     5 |     1 |       ||     6
       Scroll            |       |     4 |     5 |     7 ||    16
 Stab: Sleeping          |    10 |    22 |    12 |    43 ||    87
       Distracted        |     1 |     2 |       |     2 ||     5
Armor: Robe              |    10 |    37 |    23 |    32 ||   102
       Skin              |       |    24 |       |       ||    24
       Leather armour    |       |     1 |    21 |       ||    22
Dodge: Dodged            |    40 |   134 |   180 |   221 ||   575
